 Dungeon Crawl Stone Soup version 0.16.0 (webtiles) character file.

13814 Krisko the Fighter (level 11, -11/90 HPs)
             Began as a Vampire Fighter on Mar 15, 2015.
             Was a Follower of Ru.
             Mangled by a skeletal warrior
             ... wielding a +0 halberd
              (20 damage)
             ... on level 12 of the Dungeon on Mar 18, 2015.
             The game lasted 00:43:47 (11170 turns).

Krisko the Fighter (Vampire Fighter)               Turns: 11170, Time: 00:43:47

Health: -11/90     AC: 19    Str: 20    XL:     11   Next: 80%
Magic:  12/12      EV:  7    Int: 17    God:    Ru [*.....]
Gold:   203        SH: 11    Dex: 13    Spells: 0 memorised, 10 levels left

rFire  + . .     SeeInvis +     u - +0 broad axe
rCold  . . .     Clarity  .     t - +0 plate armour
rNeg   + + .     SustAb   .     c - +0 shield
rPois  .         Gourm    .     (no helmet)
rElec  .         Spirit   .     H - +2 cloak
rCorr  .         Warding  .     a - +1 pair of gloves "Sunarasade" {Str+2 Int+7}
rMut   .         Stasis   .     h - +0 pair of boots
MR     +....                    (no amulet)
Stlth  ..........               (no ring)
                                y - ring of positive energy

@: somewhat resistant to hostile enchantments, extremely unstealthy
A: bottle blood, fangs 3, see invisible, fire resistance 1, high mp 1,
unbreathing, evolution 1, no charms magic, no fire magic, no transmutations
magic
a: Bat Form, Renounce Religion


You were on level 12 of the Dungeon.
You worshipped Ru.
Ru was aware of your devotion.
You were not thirsty.

You visited 3 branches of the dungeon, and saw 14 of its levels.

You collected 816 gold pieces.
You spent 613 gold pieces at shops.

Inventory:

Hand weapons
 u - a +0 broad axe (weapon)
Armour
 a - the +1 pair of gloves "Sunarasade" (worn) {Str+2 Int+7}
   (You bought it in a shop on level 5 of the Dungeon)

   It affects your strength (+2).
   It affects your intelligence (+7).
 c - a +0 shield (worn)
 h - a +0 pair of boots (worn)
 q - the cursed -5 plate armour "Thiroub" {+Fly rN+}
   (You found it on level 9 of the Dungeon)

   It protects you from negative energy.
   It lets you fly.
   It has a curse placed upon it.
 t - a +0 plate armour (worn)
 H - a +2 cloak (worn)
Jewellery
 y - a ring of positive energy (left hand)
Magical devices
 e - a wand of polymorph (5)
 g - a wand of heal wounds (0)
 s - a wand of magic darts (25)
 v - a wand of digging (12)
 x - a wand of paralysis (7)
 A - a wand of random effects (18)
 C - a wand of invisibility (2)
 D - a wand of enslavement (15)
 E - a wand of cold (9)
 G - a wand of teleportation (2)
 I - a wand of confusion (28)
 L - a wand of flame (20)
 M - a wand of enslavement (18)
 O - a wand of fireball (7)
 Q - a wand of paralysis (14)
Scrolls
 i - 4 scrolls of remove curse
 j - 6 scrolls of enchant armour
 l - a scroll of torment {unknown}
 n - 6 scrolls of identify
 o - 4 scrolls of teleportation
 p - a scroll of magic mapping
 z - a scroll of blinking
 B - 2 scrolls of fear
 F - a scroll of random uselessness {unknown}
Potions
 d - a potion of brilliance {unknown}
 f - a potion of restore abilities
 k - a potion of resistance
 m - 3 potions of curing
 r - a potion of degeneration {unknown}
 w - 2 potions of haste
 J - 2 potions of blood
 N - 2 potions of magic
Books
 b - a book of Necromancy

   Spells                             Type                      Level
   a - Pain                           Necromancy                   1
   b - Animate Skeleton               Necromancy                   1
   c - Vampiric Draining              Necromancy                   3
   d - Regeneration                   Charms/Necromancy            3
   e - Animate Dead                   Necromancy                   4
   f - Control Undead                 Necromancy                   4
 K - a book of Control

   Spells                             Type                      Level
   a - Control Teleport               Charms/Translocation         4
   b - Control Undead                 Necromancy                   4
   c - Enslavement                    Hexes                        4
   d - Metabolic Englaciation         Hexes/Ice                    5
   e - Mass Confusion                 Hexes                        6
 P - a book of Clouds

   Spells                             Type                      Level
   a - Mephitic Cloud                 Conjuration/Poison/Air       3
   b - Conjure Flame                  Conjuration/Fire             3
   c - Poisonous Cloud                Conjuration/Poison/Air       6
   d - Freezing Cloud                 Conjuration/Ice/Air          6
   e - Ring of Flames                 Charms/Fire                  7


   Skills:
 * Level 10.0 Fighting
 * Level 9.7 Axes
 + Level 6.7 Armour
 - Level 6.8 Dodging
 - Level 5.1 Stealth
 + Level 7.1 Shields


You had 10 spell levels left.
You didn't know any spells.

Dungeon Overview and Level Annotations

Branches:
Dungeon (12/15)            Temple (1/1) D:7            Lair (1/8) D:9
    Orc (0/4) D:11

Altars:
Ashenzari
Cheibriados
Dithmenos
Elyvilon
Fedhas
Gozag
Kikubaaqudgha
Makhleb
Nemelex Xobeh
Okawaru
Qazlal
Ru
Sif Muna
Trog
Vehumet
Xom
Yredelemnul
Zin
The Shining One

Shops:
D:5 [   D:10 *


Innate Abilities, Weirdness & Mutations

You can bottle blood from corpses.
You have razor-sharp teeth.
You have supernaturally acute eyesight.
You can survive without breathing.
You cannot study or cast Charms magic.
You cannot study or cast Fire magic.
You cannot study or cast Transmutations magic.
Your flesh is heat resistant.
You have an increased reservoir of magic (+10% MP).
You evolve.


Message History

The skeletal warrior hits you but does no damage.
The skeletal warrior hits you from afar with a halberd.
You completely miss the skeletal warrior.
The skeletal warrior is moderately damaged.
The skeletal warrior hits you with a dire flail!
* * * LOW HITPOINT WARNING * * *
You block the skeletal warrior's attack.
You closely miss the skeletal warrior.
The skeletal warrior is moderately damaged.
You block the skeletal warrior's attack.
You hit the skeletal warrior!
The skeletal warrior is heavily damaged.
The skeletal warrior hits you but does no damage.
You block the skeletal warrior's attack.
Your plate armour prevents you from hitting the skeletal warrior.
The skeletal warrior is heavily damaged.
The skeletal warrior hits you with a dire flail!
* * * LOW HITPOINT WARNING * * *
The skeletal warrior hits you from afar with a halberd!!
You die...

#..#........#.......>..
#..#...##..##..####+###
#..##'###'###..####..##
##..##..##......#.....>+
#..............W#......#
+......zz.......'......#
##..###z##.###.Y##....##
###z.###z##.###..##....##
#.....#.@....'...#.......
#...z.#......#...'.......
+.....#......#...#.......
#....z+......#...#......[
#.....#......#...#.......
####..##.##.##..#####+###
#+#####..##+##.##..
#..................
#.............. ...


You could see 4 skeletal warriors.

Vanquished Creatures
  The ghost of DCMalleus the Cleaver, a powerful DsAK of Lugonu (D:12)
  An alligator (D:12)
  Urug (D:10)
  Nergalle (D:12)
  The ghost of Fiveotanaka the Grappler, an experienced VSMo of Okawaru (D:10)
  An unseen horror (D:11)
  A hill giant (D:11)
  A gargoyle (D:11)
  A komodo dragon (D:11)
  A two-headed ogre (D:11)
  2 trolls
  A deep elf mage (D:11)
  2 shadows
  5 hungry ghosts
  11 yaks
  2 hippogriffs
  Edmund (D:8)
  A deep elf fighter (D:8)
  2 water moccasins
  3 ice beasts
  A black bear (D:11)
  An orc warrior (D:8)
  3 sky beasts
  An eye of draining (D:11)
  8 ogres
  2 phantoms
  A wasp (D:11)
  4 centaurs
  10 big kobolds
  4 giant frogs
  Blork the orc (D:9)
  3 scorpions
  7 killer bees
  3 wights (D:12)
  6 hounds
  A gnoll shaman (D:5)
  A goliath beetle (D:11)
  A centaur skeleton (D:4)
  3 giant frog zombies
  2 centaur zombies
  A quasit (D:9)
  2 iguanas (D:8)
  3 jellies
  5 orc wizards
  4 orc priests
  A giant frog skeleton (D:11)
  9 worker ants
  A hound zombie (D:7)
  A hound skeleton (D:4)
  8 gnolls (D:5)
  8 adders
  3 shadow imps
  2 giant mites
  5 worms (D:3)
  5 giant geckos
  An ooze (D:5)
  38 orcs
  21 bats
  A bat skeleton (D:4)
  4 bat zombies (D:6)
  5 giant cockroaches
  8 goblins
  18 hobgoblins
  8 jackals
  62 kobolds
  A quokka (D:7)
  A ball python (D:3)
  2 giant gecko skeletons
  8 giant newts
  3 giant spores
  19 rats
  21 ballistomycetes
382 creatures vanquished.

Vanquished Creatures (others)
  An ogre (D:9)
  A kobold (D:5)
  4 giant spores
6 creatures vanquished.

Grand Total: 388 creatures vanquished

Notes
Turn   | Place    | Note
--------------------------------------------------------------
     0 | D:1      | Krisko, the Vampire Fighter, began the quest for the Orb.
     0 | D:1      | Reached XP level 1. HP: 17/17 MP: 1/1
   101 | D:1      | Reached XP level 2. HP: 23/23 MP: 2/2
   156 | D:1      | Reached skill level 1 in Dodging
   216 | D:1      | Reached skill level 3 in Fighting
   314 | D:1      | Reached XP level 3. HP: 29/29 MP: 3/3
   926 | D:3      | Reached XP level 4. HP: 19/35 MP: 4/4
   996 | D:3      | Found a white marble altar of Elyvilon.
  1078 | D:3      | Reached skill level 1 in Stealth
  1116 | D:3      | Found a sparkling altar of Nemelex Xobeh.
  1325 | D:3      | Noticed a moth of wrath
  1328 | D:3      | Found a bloodstained altar of Trog.
  1397 | D:4      | Reached XP level 5. HP: 5/41 MP: 5/5
  1399 | D:4      | HP: 2/41 [poisoned by a worker ant]
  1727 | D:4      | Got a smoking dagger
  1734 | D:4      | Identified the +1 dagger "Grikylei" {pierce, rC+ MR+ MP-9 Int-3 Dex+4} (You found it on level 4 of the Dungeon)
  2395 | D:5      | Entered Level 5 of the Dungeon
  2612 | D:5      | Reached XP level 6. HP: 48/48 MP: 6/6
  2860 | D:5      | Noticed a centaur
  2870 | D:5      | Killed a centaur
  2870 | D:5      | Reached skill level 4 in Fighting
  3383 | D:5      | Noticed a sky beast
  3390 | D:5      | Killed a sky beast
  3390 | D:5      | Reached XP level 7. HP: 47/54 MP: 7/7
  3749 | D:5      | Found Qeid's Armour Shoppe.
  3753 | D:5      | Bought the +1 pair of gloves "Sunarasade" {Str+2 Int+7} for 389 gold pieces
  3992 | D:5      | Reached skill level 5 in Fighting
  3992 | D:5      | Reached XP level 8. HP: 43/62 MP: 8/8
  4331 | D:6      | Reached skill level 5 in Axes
  4785 | D:6      | Found an ancient bone altar of Kikubaaqudgha.
  5701 | D:7      | Reached skill level 5 in Stealth
  5875 | D:7      | Found a staircase to the Ecumenical Temple.
  5896 | D:7      | Reached skill level 6 in Fighting
  6070 | D:7      | Reached XP level 9. HP: 69/69 MP: 9/9
  6084 | Temple   | Entered the Ecumenical Temple
  6119 | Temple   | Became a worshipper of Ru the Awakened
  6282 | D:7      | Found an iron altar of Okawaru.
  6513 | D:8      | Found a sparkling altar of Nemelex Xobeh.
  6644 | D:8      | Reached skill level 5 in Shields
  6741 | D:8      | Reached skill level 7 in Fighting
  6864 | D:8      | Noticed Edmund
  6876 | D:8      | Killed Edmund
  6925 | D:8      | Reached skill level 5 in Armour
  6925 | D:8      | Reached skill level 5 in Dodging
  7086 | D:8      | Reached XP level 10. HP: 62/79 MP: 10/10
  7095 | D:8      | Gained mutation: Your flesh is heat resistant. [potion of mutation]
  7095 | D:8      | Gained mutation: You evolve. [potion of mutation]
  7095 | D:8      | Gained mutation: You have an increased reservoir of magic (+10% MP). [potion of mutation]
  7100 | D:8      | Gained mutation: You cannot study or cast Fire magic. [Ru sacrifice]
  7100 | D:8      | Gained mutation: You cannot study or cast Transmutations magic. [Ru sacrifice]
  7100 | D:8      | Gained mutation: You cannot study or cast Charms magic. [Ru sacrifice]
  7100 | D:8      | Acquired Ru's first power
  7275 | D:9      | Found a snail-covered altar of Cheibriados.
  7416 | D:9      | Noticed Blork the orc
  7423 | D:9      | Killed Blork the orc
  7574 | D:9      | Found a shadowy altar of Dithmenos.
  7582 | D:9      | Got a faintly humming plate armour
  7588 | D:9      | Identified the cursed -5 plate armour "Thiroub" {+Fly rN+} (You found it on level 9 of the Dungeon)
  7751 | D:9      | Found a staircase to the Lair.
  7921 | D:9      | Found a basalt altar of Yredelemnul.
  7952 | Lair:1   | Entered Level 1 of the Lair of Beasts
  7952 | Lair:1   | Noticed a seven-headed hydra
  7982 | D:10     | Entered Level 10 of the Dungeon
  8032 | D:10     | Noticed Fiveotanaka's ghost (experienced VSMo)
  8051 | D:10     | Killed Fiveotanaka's ghost
  8105 | D:10     | Noticed Urug
  8117 | D:10     | Killed Urug
  8117 | D:10     | Reached skill level 8 in Fighting
  8432 | D:10     | Found Woecohu's General Store.
  8435 | D:10     | Bought a scroll of enchant armour for 112 gold pieces
  8435 | D:10     | Bought a scroll of enchant armour for 112 gold pieces
  8939 | D:11     | Noticed a hill giant
  8949 | D:11     | Killed a hill giant
  8949 | D:11     | Reached XP level 11. HP: 87/87 MP: 12/12
  9261 | D:11     | Found a staircase to the Orcish Mines.
  9385 | D:11     | Reached skill level 9 in Fighting
  9426 | D:11     | Noticed an unseen horror
  9446 | D:11     | Killed an unseen horror
  9803 | D:12     | Noticed Nergalle
  9825 | D:12     | Killed Nergalle
  9929 | D:12     | Noticed DCMalleus' ghost (powerful DsAK)
 10550 | D:12     | Killed DCMalleus' ghost
 10844 | D:12     | Noticed a four-headed hydra
 10858 | D:12     | Noticed an alligator
 10858 | D:12     | a six-headed hydra changed into an alligator
 10862 | D:12     | Killed an alligator
 11109 | D:12     | Reached skill level 10 in Fighting
 11131 | D:12     | Noticed a skeletal warrior
 11133 | D:12     | Noticed a skeletal warrior
 11134 | D:12     | Noticed a skeletal warrior
 11134 | D:12     | Noticed a skeletal warrior
 11170 | D:12     | Mangled by a skeletal warrior

Action                   |  1- 3 |  4- 6 |  7- 9 | 10-12 || total
-------------------------+-------+-------+-------+-------++-------
Melee: War axe           |    87 |    45 |       |       ||   132
       Broad axe         |       |   137 |   461 |   364 ||   962
Invok: Sacrifice Arcana  |       |       |       |     1 ||     1
       Reject Sacrifices |       |       |       |     1 ||     1
Evoke: Wand              |       |       |       |     6 ||     6
  Use: Scroll            |       |     1 |     1 |    12 ||    14
       Potion            |       |     6 |     7 |     8 ||    21
 Stab: Distracted        |       |       |       |     1 ||     1
  Eat: Corpse            |     1 |     5 |    12 |     8 ||    26
